 Dungeon Crawl Stone Soup version 0.29.0-7-g18a832c13a (webtiles) character file.

Game seed: 561172319181932452

79 Regnix the Conjurer (level 4, -2/24 HPs)
             Began as a Deep Elf Conjurer on Aug 31, 2022.
             Slain by Terence
             ... wielding a +0 flail
              (4 damage)
             ... on level 3 of the Dungeon.
             The game lasted 00:08:07 (1902 turns).

Regnix the Conjurer (Deep Elf Conjurer)             Turns: 1902, Time: 00:08:07

Health: -2/24      AC:  3    Str:  4    XL:     4   Next: 17%
Magic:  11/11      EV: 12    Int: 25    God:
Gold:   40         SH:  0    Dex: 13    Spells: 2/10 levels left

rFire   . . .      SeeInvis .   m - +2 whip (venom)
rCold   . . .      Faith    .   (no shield)
rNeg    . . .      Spirit   .   a - +0 robe
rPois   .          Reflect  .   (no helmet)
rElec   .          Harm     .   s - +0 cloak
rCorr   .          Rampage  .   (no gloves)
Will    .....                   (no boots)
Stlth   ++........              n - amulet of magic regeneration
HPRegen 0.08/turn               (no ring)
MPRegen 0.52/turn               (no ring)

@: no status effects
A: no striking features
a: no special abilities


You were on level 3 of the Dungeon.
You visited 1 branch of the dungeon, and saw 3 of its levels.

You collected 40 gold pieces.

Inventory:

Hand Weapons
 g - a +0 dagger
 m - a +2 whip of venom (weapon)
Armour
 a - a +0 robe (worn)
 l - a scarf of invisibility
 q - a +1 leather armour of cold resistance
 s - a +0 cloak (worn)
Jewellery
 n - an amulet of magic regeneration (around neck)
Scrolls
 d - a scroll of summoning {unknown}
 e - a scroll of identify
 i - a scroll of magic mapping {unknown}
 j - a scroll of immolation {unknown}
 k - a scroll of enchant armour {unknown}
 o - 2 scrolls of blinking {unknown}
 p - 3 scrolls of fog {unknown}
 r - a scroll of teleportation {unknown}
Potions
 b - a potion of magic
 c - a potion of degeneration {unknown}
 f - a potion of brilliance
 h - a potion of cancellation


   Skills:
 + Level 0.1 Maces & Flails
 + Level 2.6 Dodging
 + Level 3.1 Stealth
 + Level 3.5 Spellcasting
 + Level 5.5 Conjurations
 + Level 0.8 Summonings


You had 2 spell levels left.
You knew the following spells:

 Your Spells              Type           Power      Damage    Failure   Level
a - Magic Dart            Conj           100%       1d8       1%          1
b - Necrotise             Necr           16%        1d4       10%         1
c - Summon Small Mammal   Summ           32%        N/A       7%          1
d - Searing Ray           Conj           64%        2d6       1%          2
e - Dazzling Flash        Conj/Hex       36%        N/A       9%          3

Your spell library contained the following spells:

 Spells                   Type           Power      Damage    Failure   Level
 Apportation              Tloc           8%         N/A       10%         1
 Fulminant Prism          Conj/Hex       9%         3d7       30%         4
 Iskenderun's Mystic Bla  Conj/Tloc      18%        2d6       30%         4


Dungeon Overview and Level Annotations

Branches:
Dungeon (3/15)

Altars:

Annotations:
D:3 Terence


Message History

The helpless bat fails to defend itself.
You hit the bat but do no damage.
The bat is poisoned.
You kill the bat!
Casting: Magic Dart (safe; 1% risk of failure)
Confirm with . or Enter, or press ? or * to list all spells.
Aiming: Magic Dart (safe; 1% risk of failure)
Press: ? - help, Shift-Dir - straight line, f - Terence
Aim: Terence, wielding a +0 flail and wearing a +0 chain mail (100% to hit)
The magic dart hits Terence but does no damage.
Casting: Magic Dart (safe; 1% risk of failure)
Confirm with . or Enter, or press ? or * to list all spells.
Aiming: Necrotise (safe; 10% risk of failure)
Press: ? - help, Shift-Dir - straight line, f/p - Terence
Aim: Terence, wielding a +0 flail and wearing a +0 chain mail (chance to affect: 56%) Terence resists with significant effort.
Terence hits you with a +0 flail.
Casting: Necrotise (safe; 10% risk of failure)
Confirm with . or Enter, or press ? or * to list all spells.
Terence hits you with a +0 flail!
Casting: Summon Small Mammal (safe; 7% risk of failure)
Confirm with . or Enter, or press ? or * to list all spells.
Your bat hits Terence but does no damage.
Terence hits you with a +0 flail!
* * * LOW HITPOINT WARNING * * *
You hit Terence.
Terence is lightly wounded.
Your bat closely misses Terence.
Your bat barely misses Terence.
Terence hits you but does no damage.
You hit Terence.
Terence is poisoned.
Terence is moderately wounded.
Your bat hits Terence but does no damage. x2
Your bat barely misses Terence.
Your bat hits Terence but does no damage.
Terence closely misses you.
You hit Terence.
Terence is moderately wounded.
Your bat barely misses Terence.
Your bat hits Terence but does no damage.
Terence hits you with a +0 flail.
You die...

#.# #.# #.# ###
#.# ... #.#
####.##.###
#[........###..
#..@@.b.....
..........#~##..
#..#......#
#....b....#
#.##..##.## .
.... #.# ###.#
#.# #. #+#


You could see Terence (very poisoned, ally target) and 2 friendly bats.

Vanquished Creatures
  4 adders (D:2)
  A worm (D:2)
  An orc (D:2)
  3 endoplasms
  A giant cockroach (D:2)
  3 goblins
  8 hobgoblins
  3 quokkas (D:1)
  3 ball pythons
  5 bats
  2 frilled lizards
  A kobold (D:1)
  4 rats
39 creatures vanquished.

Notes
Turn   | Place    | Note
-------+----------+-------------------------------------------
     0 | D:1      | Regnix the Deep Elf Conjurer began the quest for the Orb.
     0 | D:1      | Reached XP level 1. HP: 10/10 MP: 6/6
   213 | D:1      | Reached XP level 2. HP: 15/15 MP: 4/8
   484 | D:1      | Reached skill level 5 in Conjurations
   808 | D:1      | Found a faded altar of an unknown god.
   812 | D:1      | Learned a level 1 spell: Necrotise
   814 | D:1      | Learned a level 1 spell: Summon Small Mammal
  1288 | D:2      | Reached XP level 3. HP: 19/19 MP: 6/9
  1291 | D:2      | Learned a level 2 spell: Searing Ray
  1501 | D:2      | Reached XP level 4. HP: 24/24 MP: 9/11
  1510 | D:2      | Learned a level 3 spell: Dazzling Flash
  1893 | D:3      | Noticed Terence
  1902 | D:3      | Slain by Terence

Illustrated notes

Levels and vault maps discovered:
D:1:      mrwooster_arrival_statue_2, layout_basic,
          ebering_ecumenical_altar_abandoned
D:2:      layout_loops_ring, corexii_leaking_fountain, kennysheep_generic_room_2
D:3:      layout_loops_corners, mainiacjoe_overflow_alcove_2,
          mainiacjoe_overflow_catwalk, portal_sewer_entry_d, uniq_natasha,
          uniq_terence, uniq_sigmund

Skill      XL: |  1  2  3 |
---------------+----------+-----
Conjurations   | 5 |  5.5
Stealth        | 3 |  3.1
Maces & Flails | |  0.1
Dodging        | |  2.6
Spellcasting   | |  3.5
Summonings     | |  0.8

Action                   |  1- 3 |  4- 6 || total
-------------------------+-------+-------++-------
Melee: Dagger            |     6 |       ||     6
       Whip              |     7 |     4 ||    11
 Cast: Magic Dart        |    58 |     5 ||    63
       Necrotise         |    12 |     1 ||    13
       Summon Small Mamm |     2 |     2 ||     4
       Searing Ray       |     1 |       ||     1
  Use: Potion            |     3 |       ||     3
       Scroll            |     2 |       ||     2
 Stab: Sleeping          |     1 |     1 ||     2
Armor: Robe              |     1 |     2 ||     3
Dodge: Dodged            |    23 |     4 ||    27
